 Dungeon Crawl Stone Soup version 0.22-a0-619-ga0c6fd2 (webtiles) character file.

1318768 Treefire the Intangible (level 27, 118/159 HPs)
             Began as a Spriggan Hunter on July 12, 2018.
             Was the Champion of Dithmenos.
             Escaped with the Orb
             ... and 3 runes on July 14, 2018!
             The game lasted 11:28:50 (159226 turns).

Treefire the Intangible (Spriggan Hunter)         Turns: 159226, Time: 11:28:51

Health: 118/159    AC: 28    Str: 18    XL:     27
Magic:  23/28      EV: 35    Int: 17    God:    Dithmenos [******]
Gold:   3478       SH:  0    Dex: 25    Spells: 31/40 levels left

rFire    + + +     SeeInvis +   b - +8 lajatang (speed)
rCold    . . .     Gourm    .   (shield currently unavailable)
rNeg     + . .     Faith    .   r - +10 shadow dragon scales
rPois    +         Spirit   +   (helmet restricted)
rElec    .         Reflect  .   y - scarf {repulsion}
rCorr    .         Harm     .   (gloves unavailable)
MR       +++++                  (boots unavailable)
Stlth    +++++++...             D - amulet of guardian spirit
HPRegen  0.36/turn              B - ring "Luelim" {rPois rF+ MR+ Int+3}
MPRegen  0.21/turn              m - ring of the Gloaming {rF++ rN+ Str+2 Dex+5}

@: wreathed by umbra, repel missiles, very quick
A: very small, unfitting armour, slimy green scales 1, see invisible, herbivore,
speed 3, low mp 2, magic resistance 1, slow metabolism 2, no potion heal 2
0: Orb of Zot
}: 3/15 runes: barnacled, slimy, gossamer
a: Shadow Step, Shadow Form, Renounce Religion


You escaped.
You worshipped Dithmenos.
Dithmenos was exalted by your worship.
You were hungry.

You visited 12 branches of the dungeon, and saw 56 of its levels.
You visited the Abyss 4 times.
You also visited: Trove.

You collected 7641 gold pieces.
You spent 4163 gold pieces at shops.

Inventory:

Hand Weapons
 a - the +7 triple crossbow of the Hidden Vale {flame, rElec Int+3 Dex+3 SInv}
   (You bought it in a shop on level 6 of the Dungeon)

   It causes projectiles fired from it to burn those they strike, causing extra
   injury to most foes and up to half again as much damage against particularly
   susceptible opponents.
   It affects your intelligence (+3).
   It affects your dexterity (+3).
   It insulates you from electricity.
   It lets you see invisible.
 b - a +8 lajatang of speed (weapon)
 c - a +4 dagger of piercing
 l - the +10 hunting sling of the Depths {velocity, +Inv rElec}
   (You found it on level 8 of the Dungeon)

   Any stone fired from it inflicts extra damage.
   It insulates you from electricity.
   It lets you turn invisible.
 v - a +3 arbalest of velocity
Missiles
 d - 578 bolts
 h - 1172 stones (quivered)
 i - 331 sling bullets
 w - 9 throwing nets
Armour
 r - +10 shadow dragon scales (worn)
 y - a scarf of repulsion (worn)
Jewellery
 e - the ring of Hiprid {+Inv +Fly rF+ Int+6}
   (You found it on level 5 of the Depths)

   [ring of flight]

   It affects your intelligence (+6).
   It protects you from fire.
   It lets you turn invisible.
   It lets you fly.
 m - the ring of the Gloaming (right hand) {rF++ rN+ Str+2 Dex+5}
   (You found it on level 5 of the Pits of Slime)

   [ring of positive energy]

   It affects your strength (+2).
   It affects your dexterity (+5).
   It greatly protects you from fire.
   It protects you from negative energy.
 B - the ring "Luelim" (left hand) {rPois rF+ MR+ Int+3}
   (You took it off an orc warrior on level 8 of the Dungeon)

   [ring of protection from magic]

   It affects your intelligence (+3).
   It protects you from fire.
   It protects you from poison.
   It affects your resistance to hostile enchantments.
 D - an amulet of guardian spirit (around neck)
 E - the ring "Jaingom" {rElec MR+ Str+4 Dex+4}
   (You found it on level 3 of the Elven Halls)

   [ring of protection from magic]

   It affects your strength (+4).
   It affects your dexterity (+4).
   It insulates you from electricity.
   It affects your resistance to hostile enchantments.
 M - an uncursed ring of resist corrosion
 N - an uncursed ring of protection from cold
Wands
 o - a wand of acid (42)
 p - a wand of disintegration (35)
 F - a wand of random effects (66)
 I - a wand of polymorph (77)
 L - a wand of digging (62)
 P - a wand of iceblast (19)
 S - a wand of clouds (4)
 U - a wand of enslavement (11)
Scrolls
 t - 9 scrolls of fear
 x - 14 scrolls of fog
 C - 2 scrolls of identify
 G - 21 scrolls of teleportation
 J - a scroll of holy word
 O - 10 scrolls of magic mapping
 R - 3 scrolls of silence
 W - 8 scrolls of blinking
 X - 31 scrolls of remove curse
 Z - 4 scrolls of summoning
Potions
 g - 7 potions of resistance
 j - 4 potions of magic
 k - 11 potions of agility
 n - 18 potions of curing
 q - a potion of invisibility
 s - 5 potions of haste
 u - 10 potions of flight
 z - 6 potions of might
 A - 3 potions of mutation
 H - 4 potions of heal wounds
 K - 3 potions of cancellation
 T - 5 potions of berserk rage
Miscellaneous
 Q - a fan of gales
 V - a sack of spiders
 Y - a lamp of fire
Comestibles
 f - 48 rations


   Skills:
 + Level 21.1 Fighting
 - Level 10.0 Staves
 - Level 4.6 Slings
 - Level 26.0 Crossbows
 - Level 14.0 Armour
 O Level 27 Dodging
 - Level 22.8 Stealth
 - Level 7.2 Spellcasting
 - Level 10.0 Translocations
 - Level 14.0 Invocations
 - Level 10.1 Evocations


You had 31 spell levels left.
You knew the following spells:

 Your Spells              Type           Power        Failure   Level  Hunger
a - Apportation           Tloc           #####.       1%          1    None
b - Blink                 Tloc           N/A          1%          2    None
c - Ensorcelled Hibernat  Hex/Ice        #.....       75%         2    None
d - Passage of Golubria   Tloc           N/A          12%         4    ####...

Your spell library contained the following spells:

 Spells                   Type           Power        Failure   Level  Hunger
 Magic Dart               Conj           #...         61%         1    None
 Fireball                 Conj/Fire      #.........   100%        5    #####..
 Conjure Flame            Conj/Fire      #.......     93%         3    ##.....
 Lightning Bolt           Conj/Air       #.........   100%        5    #####..
 Bolt of Magma            Conj/Fire/Erth #.........   100%        5    #####..
 Slow                     Hex            #.......     75%         2    None
 Confuse                  Hex            #.......     93%         3    ##.....
 Throw Flame              Conj/Fire      #.....       75%         2    None
 Throw Frost              Conj/Ice       #.....       75%         2    None
 Freezing Cloud           Conj/Ice/Air   #.........   100%        6    #######
 Mephitic Cloud           Conj/Pois/Air  #.......     93%         3    ##.....
 Ring of Flames           Chrm/Fire      #.........   100%        7    #######
 Venom Bolt               Conj/Pois      #.........   100%        5    #####..
 Olgreb's Toxic Radiance  Pois           #.......     100%        4    ####...
 Teleport Other           Tloc           #####...     3%          3    ##.....
 Summon Small Mammal      Summ           #...         61%         1    None
 Iskenderun's Mystic Bla  Conj           #.......     100%        4    ####...
 Summon Horrible Things   Summ           #.........   100%        8    #######
 Animate Dead             Necr           N/A          100%        4    ####...
 Pain                     Necr           #...         61%         1    None
 Animate Skeleton         Necr           N/A          61%         1    None
 Vampiric Draining        Necr           #.........   93%         3    ##.....
 Freeze                   Ice            #...         61%         1    None
 Sticky Flame             Conj/Fire      #.......     100%        4    ####...
 Summon Ice Beast         Ice/Summ       #.......     100%        4    ####...
 Ozocubu's Armour         Chrm/Ice       #.......     93%         3    ##.....
 Call Imp                 Summ           #.......     75%         2    None
 Regeneration             Chrm/Necr      #.........   93%         3    ##.....
 Sting                    Conj/Pois      #...         61%         1    None
 Sublimation of Blood     Necr           #.........   75%         2    None
 Tukima's Dance           Hex            #.......     93%         3    ##.....
 Summon Greater Demon     Summ           #.........   100%        7    #######
 Corpse Rot               Necr           N/A          75%         2    None
 Iron Shot                Conj/Erth      #.........   100%        6    #######
 Stone Arrow              Conj/Erth      #.....       93%         3    ##.....
 Spider Form              Tmut/Pois      #.........   93%         3    ##.....
 Blade Hands              Tmut           #.........   100%        5    #####..
 Statue Form              Tmut/Erth      #........    100%        6    #######
 Ice Form                 Ice/Tmut       #.......     100%        4    ####...
 Dragon Form              Tmut           #.........   100%        7    #######
 Death Channel            Necr           #.........   100%        6    #######
 Deflect Missiles         Chrm/Air       #.........   100%        6    #######
 Throw Icicle             Conj/Ice       #.......     100%        4    ####...
 Confusing Touch          Hex            #.....       61%         1    None
 Flame Tongue             Conj/Fire      #....        61%         1    None
 Passwall                 Tmut/Erth      #.......     75%         2    None
 Ignite Poison            Fire/Tmut/Pois #.......     93%         3    ##.....
 Sticks to Snakes         Tmut           #.......     75%         2    None
 Call Canine Familiar     Summ           #.......     93%         3    ##.....
 Metabolic Englaciation   Hex/Ice        #.........   100%        5    #####..
 Silence                  Hex/Air        #.........   100%        5    #####..
 Shatter                  Erth           #.........   100%        9    #######
 Static Discharge         Conj/Air       #.......     93%         3    ##.....
 Corona                   Hex            #......      61%         1    None
 Alistair's Intoxication  Tmut/Pois      #.......     100%        5    #####..
 Lee's Rapid Deconstruct  Erth           #.........   100%        5    #####..
 Sandblast                Erth           #.....       61%         1    None
 Conjure Ball Lightning   Conj/Air       #.........   100%        6    #######
 Excruciating Wounds      Chrm/Necr      #.........   100%        5    #####..
 Monstrous Menagerie      Summ           #.........   100%        7    #######
 Petrify                  Tmut/Erth      #.......     100%        4    ####...
 Orb of Destruction       Conj           #.........   100%        7    #######
 Malign Gateway           Summ/Tloc      ###.......   100%        7    #######
 Tornado                  Air            #.........   100%        9    #######
 Shroud of Golubria       Chrm/Tloc      ###.......   16%         2    None
 Inner Flame              Hex/Fire       #.......     93%         3    ##.....
 Beastly Appendage        Tmut           #.....       61%         1    None
 Iskenderun's Battlesphe  Conj/Chrm      #.......     100%        5    #####..
 Fulminant Prism          Conj/Hex       #.........   100%        4    ####...
 Dazzling Spray           Conj/Hex       #.....       93%         3    ##.....
 Force Lance              Conj/Tloc      ###.....     69%         4    ####...
 Infusion                 Chrm           #...         61%         1    None
 Song of Slaying          Chrm           #.......     75%         2    None
 Spectral Weapon          Hex/Chrm       #.......     93%         3    ##.....
 Searing Ray              Conj           #.....       75%         2    None
 Summon Lightning Spire   Summ/Air       #.......     100%        4    ####...
 Summon Guardian Golem    Hex/Summ       #.......     93%         3    ##.....
 Spellforged Servitor     Conj/Summ      #.........   100%        7    #######
 Summon Mana Viper        Hex/Summ       #.......     100%        5    #####..
 Irradiate                Conj/Tmut      #.........   100%        5    #####..
 Gell's Gravitas          Tloc           #####.....   3%          3    ##.....
 Lesser Beckoning         Tloc           #####.....   3%          3    ##.....
 Poisonous Vapours        Pois/Air       #.....       75%         2    None
 Ignition                 Fire           #.........   100%        8    #######


Dungeon Overview and Level Annotations

Branches:
Dungeon (15/15)            Temple (1/1) D:6            Lair (6/6) D:9
 Shoals (4/4) Lair:4       Spider (4/4) Lair:4        Slime (5/5) Lair:6
    Orc (2/2) D:9             Elf (3/3) Orc:2        Vaults (4/5) D:14
  Crypt (2/3) Vaults:3     Depths (5/5) D:15            Zot (5/5) Depths:5

Altars:
Ashenzari
Cheibriados
Dithmenos
Elyvilon
Fedhas
Gozag
Hepliaklqana
Kikubaaqudgha
Makhleb
Nemelex Xobeh
Okawaru
Qazlal
Ru
Sif Muna
Trog
Uskayaw
Vehumet
Wu Jian
Xom
Yredelemnul
Zin
The Shining One
Beogh
Jiyva
Lugonu

Shops:
D:6 *   D:9 [   D:13 (   D:14 =   Orc:2 [*[(%   Elf:1 (   Elf:3 ?   Shoals:2 [
Vaults:1 (   Zot:1 *   Depths:3 =}=   Depths:5 [

Portals:
Hell: Depths:1 Depths:2* Depths:3 Depths:4 Depths:5
Abyss: Depths:1 Depths:4 Depths:5
Pandemonium: Depths:2 Depths:3 Depths:5
Ziggurat: Depths:1
Bazaar: Vaults:2

Annotations:
D:3 Grinder
Spider:2 1 exclusion
Spider:3 exclusion: Roxanne, Roxanne
Slime:5 Royal Jelly
Elf:2 3 runed doors, exclusion: 3 doors
Depths:1 3 runed doors, Nozovun's ghost, journeyman SpBe
Depths:2 the Enchantress
Zot:2 exclusion: downstairs
Zot:3 exclusion: upstairs


Innate Abilities, Weirdness & Mutations

You are very small and have problems with some larger weapons.
You are too small for most types of armour.
You have supernaturally acute eyesight. (SInv)
You are a herbivore.
You cover ground extremely quickly.
You need to consume almost no food.
You are partially covered in slimy green scales. (AC +2)
Your magical capacity is very low. (-20% MP)
You are resistant to hostile enchantments. (MR+)
Potions are poor at restoring your health.


Message History

You miss the Orb Guardian.
The Orb Guardian is heavily wounded.
The Orb Guardian misses you.
You slash the Orb Guardian!
The Orb Guardian is heavily wounded.
Your shadow hits the Orb Guardian with a lajatang!
The Orb Guardian hits you!!
You hit the Orb Guardian.
The Orb Guardian is severely wounded.
Your shadow misses the Orb Guardian. The Orb Guardian misses you.
Unknown command.
You enter the shallow water.
Moving in this stuff is going to be slow.
The Orb Guardian hits you!! The Orb Guardian barely misses you.
The Orb Guardian misses you.
There is a large open door here.
There is a staircase leading out of the dungeon here.
The Orb Guardian hits you.
You have escaped!

..)..).....)...######.##
####÷########......##.#
#.## ###......##.# ##
#..# #≈≈≈≈§≈§≈≈≈.# .#
##.# #≈8≈≈≈≈≈≈8≈.# ÷#
#.# #≈≈8≈≈≈≈8≈≈.# .# #.#
#≈≈≈#''#≈≈≈.# '## #.#
#§≈≈#.X#§§≈.# ..# #.##
#≈≈≈#.@#§§≈.# ..# #..#
#≈≈≈####§§§§# ..# ##.##
#≈≈8≈≈≈≈8≈§§# ..# #..#
#≈8≈≈≈≈≈≈8≈.# ..#
##.###≈≈≈≈≈≈≈≈≈≈.# ..#
#..##...........# ..#
##.##.########### ..#
#.##.# '## #.##.#


You could see an Orb Guardian.

Vanquished Creatures
  the Royal Jelly (Slime:5)
  4 orbs of fire
  3 ancient liches
  2 juggernauts
  Bai Suzhen (Vaults:2)
  2 caustic shrikes
  A curse toe (Zot:5)
  Saint Roka (Depths:2)
  7 Killer Klowns
  5 golden dragons
  3 bone dragons
  2 electric golems (Zot:5)
  A shard shrike zombie (Crypt:1)
  17 tentacled monstrosities
  25 Orb Guardians (Zot:5)
  7 liches
  2 deep elf blademasters (Elf:3)
  3 deep elf master archers
  The ghost of galech the Slayer, an adept OgBe of Trog (Elf:1)
  5 quicksilver dragons
  16 acid blobs
  Frances (D:12)
  11 sphinxes
  8 tentacled starspawn
  An Executioner (Abyss:2)
  2 thorn hunters (Depths:2)
  8 death cobs
  15 shadow dragons
  2 revenants (Crypt:2)
  Kirke (D:12)
  8 tengu reavers
  13 storm dragons
  3 draconian monks
  Ilsuiw (Shoals:4)
  The ghost of Wuyrotz the Deadly Accurate, a journeyman TrFi of Okawaru (Spider:4)
  9 azure jellies
  8 fire giants
  2 cacodemons
  6 draconian scorchers
  2 orc warlords
  5 draconian knights
  8 frost giants
  7 vault wardens
  8 deep elf sorcerers
  6 ghost moths
  4 iron dragons
  A deep elf elementalist (Elf:3)
  4 ghouls (Depths:5)
  5 emperor scorpions
  4 draconian shifters
  3 draconian stormcallers
  A caustic shrike skeleton (Depths:2)
  10 spriggan defenders
  A reaper (Abyss:4)
  23 very ugly things
  10 draconian annihilators
  17 ironheart preservers
  5 entropy weavers
  23 stone giants
  A lorocyproca (Depths:2)
  The ghost of Xeddua the Severer, a journeyman MiBe of Trog (Lair:5)
  8 vampire knights
  8 deep elf demonologists (Elf:3)
  7 green draconians
  10 black draconians
  9 deep elf annihilators
  Nessos (D:13)
  Azrael (D:13)
  15 red draconians
  3 white draconians
  A minotaur (Elf:1)
  10 yellow draconians
  7 purple draconians
  4 death oozes
  9 merfolk javelineers
  11 spark wasps
  Snorg (D:10)
  A green death (D:14)
  2 eidola
  A blizzard demon (Abyss:4)
  8 ettins
  14 yaktaur captains
  10 deep elf death magi
  3 jiangshi
  9 merfolk impalers
  20 great orbs of eyes
  11 rakshasas
  14 fire dragons
  4 spriggan air magi
  19 ice dragons
  4 deep elf high priests
  A naga warrior (Elf:1)
  15 vault guards
  7 hydras
  A ghost crab (Abyss:4)
  A merfolk avatar (Shoals:3)
  A quicksilver dragon skeleton (Crypt:1)
  2 alligator snapping turtles
  5 merfolk aquamancers
  32 two-headed ogres
  10 centaur warriors
  10 deep troll shamans
  A two-headed ogre (shapeshifter) (Vaults:2)
  5 tengu warriors
  16 ogre magi
  8 death knights
  Urug (D:12)
  A titan zombie (Depths:2)
  3 spriggan berserkers
  5 vampire magi
  24 thrashing horrors
  7 dancing weapons
  2 satyrs
  A hell hog (Abyss:1)
  11 deep troll earth magi
  4 orc high priests (Orc:2)
  18 deep elf knights
  15 hell knights
  Sonja (Lair:2)
  2 sun demons (Abyss:2)
  A fire crab (shapeshifter) (Depths:4)
  40 skeletal warriors
  8 wretched stars
  2 spatial maelstroms
  A golden dragon zombie (Abyss:2)
  9 sixfirhies
  2 storm dragon skeletons (Crypt:1)
  4 shadow wraiths
  5 unseen horrors
  15 sea snakes
  27 deep trolls
  10 flayed ghosts
  13 glowing orange brains
  31 starcursed masses
  A spriggan druid (Depths:1)
  A shambling mangrove (Depths:2)
  8 phantasmal warriors
  7 harpies
  An anaconda skeleton (Abyss:4)
  2 golden dragon skeletons (Crypt:1)
  A shining eye (shapeshifter) (Depths:5)
  17 deep elf archers
  15 orb spiders
  5 wizards
  43 wolf spiders
  12 ironbrand convokers
  8 orc knights
  An orb spider (shapeshifter) (D:15)
  A frost giant zombie (Depths:2)
  A harpy (shapeshifter) (Vaults:1)
  7 shining eyes
  58 ugly things
  5 necromancers
  An oklob plant (Lair:5)
  A salamander (shapeshifter) (D:15)
  2 shadow dragon skeletons (Crypt:1)
  A wolf spider zombie (D:14)
  A tengu skeleton (Vaults:4)
  15 manticores
  48 deep elf magi
  A mana viper (shapeshifter) (Depths:3)
  A cyclops (shapeshifter) (Abyss:2)
  11 fauns
  3 orc sorcerers
  25 moths of wrath
  An iron dragon skeleton (Crypt:1)
  17 merfolk sirens
  3 stone giant skeletons (Crypt:1)
  2 stone giant zombies
  11 elephants
  16 cyclopes
  2 guardian serpents (Abyss:2)
  A dire elephant zombie (Crypt:2)
  9 smoke demons
  A black mamba (shapeshifter) (D:15)
  4 black mambas
  A fire giant skeleton (Crypt:1)
  14 vault sentinels
  5 eyes of devastation
  3 apocalypse crabs
  A guardian serpent (shapeshifter) (Depths:4)
  5 water nymphs
  2 orange demons
  12 spiny frogs
  A spiny frog (shapeshifter) (Depths:2)
  2 rime drakes
  2 gargoyles
  4 torpor snails
  26 yaktaurs
  7 komodo dragons
  2 hellwings
  A catoblepas skeleton (Crypt:1)
  17 freezing wraiths
  A red devil (Depths:2)
  5 tengu conjurers
  13 demonic crawlers
  A yaktaur skeleton (Vaults:4)
  2 efreet
  14 ancient zymes
  A jumping spider (shapeshifter) (D:15)
  An ice devil (Depths:4)
  A black draconian skeleton (Crypt:2)
  34 merfolk
  A minotaur skeleton (Crypt:1)
  38 jumping spiders
  A wind drake (shapeshifter) (Elf:2)
  A hornet (shapeshifter) (Elf:3)
  34 raiju
  10 trolls
  A tengu simulacrum (Vaults:4)
  3 harpy skeletons
  3 polar bears (Lair:6)
  34 hornets
  102 slime creatures
  17 blink frogs
  2 ettin zombies
  3 blink frogs (shapeshifter)
  A frost giant simulacrum (Abyss:1)
  6 wind drakes
  10 snapping turtles
  9 dream sheep
  8 hippogriffs
  An ettin skeleton (Crypt:2)
  2 shadows
  4 air elementals
  A redback (shapeshifter) (Depths:5)
  17 wraiths
  17 water elementals
  A spriggan (shapeshifter) (Vaults:2)
  A fire dragon skeleton (Crypt:1)
  24 flying skulls
  6 ynoxinuls
  25 spriggans
  A hog (shapeshifter) (Elf:3)
  6 vampires
  33 yaks
  A fire bat (Abyss:1)
  38 tarantellas
  25 fire elementals
  74 redbacks
  2 hungry ghosts
  A fire bat (shapeshifter) (Depths:2)
  2 golden eyes (shapeshifter)
  5 wyverns
  3 basilisks
  22 large abominations
  A human (D:7)
  A black mamba skeleton (Crypt:1)
  6 hogs
  6 golden eyes
  13 neqoxecs
  A steam dragon (D:11)
  10 chaos spawn
  4 vampire mosquitoes (D:13)
  5 wargs
  4 spatial vortices
  A deep troll zombie (Crypt:1)
  An acid dragon (shapeshifter) (Vaults:2)
  9 water moccasins
  4 acid dragons
  3 floating eyes (Depths:5)
  2 porcupines
  6 hell hounds
  2 hornet zombies
  7 ice beasts
  35 orc warriors
  9 eyes of draining
  4 sky beasts
  2 spiny frog skeletons (Crypt:1)
  4 black bears
  An eye of draining (shapeshifter) (Vaults:2)
  3 phantoms
  2 alligator simulacra
  An ice dragon simulacrum (Crypt:2)
  14 wolves
  2 necrophages
  45 ogres
  31 centaurs
  2 snapping turtle skeletons (Crypt:1)
  15 boggarts
  8 crocodiles
  34 small abominations
  A rime drake zombie (Crypt:2)
  9 big kobolds
  19 bullfrogs
  3 earth elementals
  A water moccasin zombie (D:8)
  A gnoll sergeant (D:9)
  A shapeshifter zombie (Crypt:1)
  8 scorpions
  2 wyvern skeletons
  17 killer bees
  A troll skeleton (Crypt:1)
  A polar bear skeleton (Crypt:2)
  30 wights
  4 electric eels
  3 howler monkeys
  A howler monkey (shapeshifter) (Abyss:2)
  10 crimson imps
  A wolf skeleton (Crypt:1)
  A basilisk zombie (Crypt:1)
  2 quasits
  A gnoll shaman (D:9)
  2 bullfrog zombies (D:8)
  3 centaur zombies
  A human simulacrum (Vaults:2)
  2 jellies
  30 orc priests
  6 centaur skeletons
  6 hounds
  A bullfrog skeleton (D:9)
  3 iron imps
  33 orc wizards
  Ijyb (D:3)
  2 iguanas
  12 worker ants
  A killer bee zombie (D:6)
  2 ogre skeletons (Crypt:1)
  A naga skeleton (Crypt:1)
  2 hound skeletons
  A howler monkey zombie (D:5)
  Robin (D:3)
  A worker ant zombie (D:5)
  7 gnolls (D:9)
  13 adders
  6 shadow imps
  6 white imps
  3 ufetubi
  An ooze (D:3)
  An adder skeleton (D:5)
  4 worms
  3 dart slugs
  6 leopard geckos
  81 orcs
  A ball python (shapeshifter) (Depths:2)
  A ball python (D:7)
  9 bats
  5 giant cockroaches
  18 goblins
  16 hobgoblins
  3 jackals (D:10)
  41 kobolds
  8 quokkas
  3 frilled lizards
  A frilled lizard zombie (Crypt:1)
  A kobold skeleton (Crypt:2)
  A leopard gecko skeleton (D:4)
  3 leopard gecko zombies
  9 rats
  2 bushes (Lair:5)
  A lurking horror (Abyss:2)
  A plant (Lair:4)
  3 starspawn tentacles
2890 creatures vanquished.

Vanquished Creatures (collateral kills)
  A spriggan air mage (D:15)
1 creature vanquished.

Vanquished Creatures (others)
  2 ghost moths (Zot:5)
  A deep elf demonologist (Elf:3)
  A moth of wrath (Zot:5)
  A slime creature (Slime:1)
  A raiju (Abyss:1)
  A flying skull (Abyss:4)
  A human (D:12)
  3 golden eyes
  A small abomination (Abyss:4)
  An iron imp (Abyss:2)
  An ufetubus (Abyss:2)
  34 fungi
  2 lurking horrors
  36 plants
  32 starspawn tentacles
  14 tentacles (Abyss:4)
132 creatures vanquished.

Grand Total: 3023 creatures vanquished

Notes
Turn   | Place    | Note
-------+----------+-------------------------------------------
     0 | D:1      | Treefire the Spriggan Hunter began the quest for the Orb.
     0 | D:1      | Reached XP level 1. HP: 10/10 MP: 2/2
   336 | D:1      | Reached XP level 2. HP: 14/14 MP: 3/3
  1179 | D:1      | Reached XP level 3. HP: 13/18 MP: 4/4
  1378 | D:1      | Reached skill level 4 in Dodging
  1933 | D:2      | Noticed a centaur
  2499 | D:2      | Reached XP level 4. HP: 15/22 MP: 5/5
  3150 | D:3      | Noticed Grinder
  3657 | D:3      | Noticed Robin
  4167 | D:3      | Killed Robin
  4190 | D:3      | Reached skill level 5 in Dodging
  4190 | D:3      | Reached XP level 5. HP: 20/25 MP: 6/6
  4472 | D:3      | Reached skill level 5 in Crossbows
  4506 | D:3      | Reached skill level 5 in Stealth
  4771 | D:3      | Noticed Ijyb
  4835 | D:3      | Killed Ijyb
  5159 | D:4      | Noticed a phantom
  5788 | D:4      | Killed a phantom
  5788 | D:4      | Reached skill level 6 in Dodging
  5788 | D:4      | Reached XP level 6. HP: 15/30 MP: 7/7
  6214 | D:4      | Found a sacrificial altar of Ru.
  6359 | D:4      | Noticed Sigmund
  7078 | D:5      | Entered Level 5 of the Dungeon
  7885 | D:5      | Reached XP level 7. HP: 35/35 MP: 8/8
  8416 | D:5      | Reached skill level 7 in Dodging
  8724 | D:6      | Found Suzxossa's Assorted Antiques.
  8790 | D:6      | Found a snail-covered altar of Cheibriados.
  9054 | D:6      | Found a basalt altar of Yredelemnul.
  9067 | D:6      | Found a hazy altar of Hepliaklqana.
  9075 | D:6      | Found a glowing silver altar of Zin.
  9083 | D:6      | Found an ornate altar of the Wu Jian Council.
  9116 | D:6      | Noticed Sigmund
  9116 | D:6      | Sigmund changed into Sigmund the worm
  9130 | D:6      | Killed Sigmund the worm
  9942 | D:6      | Found a staircase to the Ecumenical Temple.
 10079 | Temple   | Entered the Ecumenical Temple
 10324 | Temple   | Became a worshipper of Dithmenos the Shadowed
 10497 | D:6      | Reached XP level 8. HP: 17/39 MP: 9/9
 11287 | D:7      | Reached skill level 8 in Dodging
 12385 | D:7      | Found a shattered altar of Ashenzari.
 12988 | D:7      | Reached XP level 9. HP: 34/45 MP: 10/10
 13218 | D:7      | Reached skill level 9 in Dodging
 13755 | D:8      | Noticed a manticore
 13771 | D:8      | Killed a manticore
 13826 | D:8      | Reached skill level 10 in Stealth
 14033 | D:8      | Noticed a manticore
 14889 | D:8      | Reached skill level 10 in Dodging
 15218 | D:8      | Killed a manticore
 15521 | D:8      | Reached skill level 5 in Fighting
 15521 | D:8      | Reached XP level 10. HP: 34/51 MP: 11/11
 15618 | D:8      | Got a brightly glowing lead ring
 15695 | D:8      | Reached * piety under Dithmenos
 15695 | D:8      | Reached skill level 10 in Crossbows
 15916 | D:8      | Found a bloodstained altar of Trog.
 16223 | D:8      | Got a dazzling hunting sling
 16242 | D:8      | Identified the +10 hunting sling of the Depths {velocity, +Inv rElec} (You found it on level 8 of the Dungeon)
 16248 | D:8      | Identified the ring "Luelim" {rPois rF+ MR+ Int+3} (You took it off an orc warrior on level 8 of the Dungeon)
 16391 | D:8      | Found a deep blue altar of Sif Muna.
 16750 | D:8      | Noticed a two-headed ogre
 16909 | D:8      | Killed a two-headed ogre
 17011 | D:9      | Learned a level 2 spell: Ensorcelled Hibernation
 17020 | D:9      | Found a sparkling altar of Nemelex Xobeh.
 17049 | D:9      | Reached skill level 11 in Dodging
 17136 | D:9      | Found a staircase to the Orcish Mines.
 17269 | D:9      | Found Lilloeg's Antique Armour Emporium.
 17444 | D:9      | Reached ** piety under Dithmenos
 17690 | D:9      | Reached skill level 1 in Invocations
 18405 | D:9      | Reached XP level 11. HP: 56/56 MP: 13/13
 18548 | D:9      | Found a staircase to the Lair.
 18678 | D:9      | Reached *** piety under Dithmenos
 18940 | Lair:1   | Entered Level 1 of the Lair of Beasts
 19641 | Lair:1   | Noticed an eight-headed hydra
 19682 | Lair:1   | Killed an eight-headed hydra
 19682 | Lair:1   | Reached skill level 12 in Dodging
 21365 | D:6      | Bought an encrusted triple crossbow for 525 gold pieces
 21370 | D:6      | Identified the +7 triple crossbow of the Hidden Vale {flame, rElec Int+3 Dex+3 SInv} (You bought it in a shop on level 6 of the Dungeon)
 21644 | Lair:2   | Noticed Sonja
 21648 | Lair:2   | Killed Sonja
 22035 | Lair:3   | Found a glowing silver altar of Zin.
 23114 | Lair:3   | Reached skill level 1 in Slings
 23498 | Lair:3   | Reached XP level 12. HP: 55/62 MP: 16/16
 23517 | Lair:3   | Reached **** piety under Dithmenos
 23949 | Lair:4   | Found a hole to the Spider Nest.
 23979 | Lair:4   | Reached skill level 13 in Dodging
 25278 | Lair:4   | Found a staircase to the Shoals.
 25958 | Lair:5   | Found a runed gate.
 26526 | Lair:5   | Found a runed gate.
 26529 | Lair:5   | Found a runed gate.
 26530 | Lair:5   | Noticed a 13-headed hydra
 26531 | Lair:5   | Noticed a 13-headed hydra
 26535 | Lair:5   | Noticed Xeddua's ghost (journeyman MiBe)
 27452 | Lair:5   | Reached skill level 1 in Armour
 27452 | Lair:5   | Reached skill level 14 in Dodging
 28347 | Lair:6   | Entered Level 6 of the Lair of Beasts
 28538 | Lair:6   | Noticed a seven-headed hydra
 28590 | Lair:5   | Reached skill level 1 in Evocations
 28872 | Lair:6   | Reached XP level 13. HP: 57/70 MP: 17/17
 28879 | Lair:6   | Reached ***** piety under Dithmenos
 30432 | Lair:6   | Found a staircase to the Slime Pits.
 30432 | Lair:6   | Found a viscous altar of Jiyva.
 32325 | D:10     | Entered Level 10 of the Dungeon
 32350 | D:10     | Noticed Snorg
 32374 | D:10     | Killed Snorg
 32697 | D:10     | Got a translucent hunting sling
 32698 | D:10     | Identified the +10 hunting sling of the Distant Future {velocity, *Slow Str+4 Dex+7} (You found it on level 10 of the Dungeon)
 33990 | D:10     | Reached skill level 15 in Dodging
 34070 | D:11     | Reached skill level 5 in Invocations
 34291 | D:10     | Reached skill level 5 in Armour
 34769 | D:11     | Reached ****** piety under Dithmenos
 34834 | D:11     | Found a portal to a secret trove of treasure.
 35098 | D:11     | Reached XP level 14. HP: 75/75 MP: 19/19
 35696 | D:12     | Noticed Urug
 35705 | D:12     | Killed Urug
 35758 | D:12     | Identified the Catalogue of the Well-Known Wonders
 35762 | D:12     | Learned a level 1 spell: Apportation
 36004 | D:11     | Got a bloodstained robe
 36058 | D:11     | Identified the cursed +0 robe "Xovenlal" {-Tele +Inv +Fly Dex+8} (You took it off a wight on level 11 of the Dungeon)
 36115 | D:12     | Noticed Frances
 36700 | D:12     | Noticed Kirke
 37141 | D:12     | Killed Kirke
 37376 | D:12     | Reached skill level 10 in Fighting
 37777 | D:12     | Got an ancient zirconium amulet
 38248 | D:13     | Noticed Nessos
 38251 | D:13     | Noticed Azrael
 38929 | D:13     | Found Wurekhal's Weapon Shoppe.
 39710 | D:13     | Found an opulent altar of Gozag.
 40220 | D:13     | Killed Azrael
 40253 | D:13     | Killed Nessos
 41037 | D:14     | Reached skill level 16 in Dodging
 41565 | D:14     | Found Laujouv's Jewellery Emporium.
 41579 | D:14     | Identified the amulet "Siyriod" {rN+ Regen+ Dex+5} (You found it on level 12 of the Dungeon)
 42246 | D:14     | Found a gate to the Vaults.
 42421 | Orc:1    | Entered Level 1 of the Orcish Mines
 42866 | D:14     | Bought an uncursed amulet of guardian spirit for 390 gold pieces
 43383 | Spider:1 | Entered Level 1 of the Spider Nest
 43709 | Spider:1 | Reached XP level 15. HP: 82/82 MP: 21/21
 46817 | Spider:2 | Reached skill level 17 in Dodging
 47949 | Spider:2 | Reached skill level 15 in Crossbows
 49474 | Spider:3 | Noticed a ghost moth
 49597 | Spider:3 | Killed a ghost moth
 50533 | Spider:3 | Reached XP level 16. HP: 90/90 MP: 22/22
 51130 | Spider:3 | Noticed Roxanne
 51740 | Spider:4 | Entered Level 4 of the Spider Nest
 52973 | Spider:4 | Found a runed door.
 52976 | Spider:4 | Noticed Wuyrotz's ghost (journeyman TrFi)
 53267 | Spider:4 | Killed Wuyrotz's ghost
 53267 | Spider:4 | Reached skill level 18 in Dodging
 53307 | Spider:4 | Identified a scroll of acquirement
 55390 | Spider:4 | Got a gossamer rune of Zot
 55769 | Vaults:1 | Entered Level 1 of the Vaults
 55987 | Vaults:1 | Reached skill level 15 in Stealth
 56457 | Vaults:1 | Reached XP level 17. HP: 73/95 MP: 25/25
 56540 | Vaults:1 | Reached skill level 10 in Invocations
 57047 | Vaults:1 | Found Gogegg's Weapon Shop.
 57516 | Vaults:1 | Reached skill level 19 in Dodging
 58789 | D:14     | Bought an uncursed ring of protection from fire for 325 gold pieces
 59227 | Vaults:2 | Noticed Bai Suzhen
 59267 | Vaults:2 | Killed Bai Suzhen
 59967 | Vaults:2 | Found a gateway to a bazaar.
 60179 | Vaults:2 | Reached XP level 18. HP: 101/101 MP: 27/27
 62589 | Vaults:3 | Found a staircase to the Crypt.
 64452 | Vaults:4 | Cast into level 3 of the Abyss (vault guard)
 64452 | Abyss:3  | Found a corrupted altar of Lugonu.
 64744 | Abyss:5  | Entered Level 5 of the Abyss
 64774 | Vaults:4 | Escaped the Abyss
 64781 | Vaults:4 | Noticed an ancient lich
 65391 | Vaults:4 | Reached skill level 20 in Dodging
 66301 | Vaults:4 | Reached XP level 19. HP: 101/106 MP: 29/29
 67540 | Vaults:4 | Killed an ancient lich
 68011 | Vaults:4 | Noticed a lich
 68063 | Vaults:4 | Killed a lich
 68384 | Vaults:4 | Reached skill level 10 in Armour
 69865 | Shoals:1 | Entered Level 1 of the Shoals
 71356 | Shoals:2 | Found Biurasenet's Antique Armour Emporium.
 71682 | Shoals:2 | Bought an opalescent robe for 176 gold pieces
 71692 | Shoals:2 | Identified the cursed +1 robe "Jamapt" {*Slow MR++} (You bought it in a shop on level 2 of the Shoals)
 73573 | Shoals:3 | Reached skill level 21 in Dodging
 73612 | Shoals:3 | Reached XP level 20. HP: 112/112 MP: 31/31
 74503 | Shoals:4 | Entered Level 4 of the Shoals
 76256 | Shoals:4 | Identified the Tome of Evil and the Rocks
 76547 | Shoals:4 | Noticed Ilsuiw
 77043 | Shoals:4 | Killed Ilsuiw
 78009 | Shoals:4 | Reached skill level 15 in Fighting
 78221 | Shoals:4 | Got a barnacled rune of Zot
 78544 | D:15     | Entered Level 15 of the Dungeon
 79185 | D:15     | Found a staircase to the Depths.
 80999 | Orc:2    | Entered Level 2 of the Orcish Mines
 81254 | Orc:2    | Found a roughly hewn altar of Beogh.
 81294 | Orc:2    | Found Fuogiom's Food Boutique.
 82429 | Orc:2    | Found Utul's Weapon Shop.
 82429 | Orc:2    | Found Dyfiuczaxti's Armour Shop.
 82439 | Orc:2    | Found Fiwkeirph's Antique Armour Boutique.
 82441 | Orc:2    | Found Lusoy's Assorted Antiques.
 82446 | Orc:2    | Bought a potion of heal wounds for 160 gold pieces
 82446 | Orc:2    | Bought a scroll of fog for 64 gold pieces
 82446 | Orc:2    | Bought a hardcover book for 480 gold pieces
 82449 | Orc:2    | Learned a level 2 spell: Blink
 82503 | Orc:2    | Found a staircase to the Elven Halls.
 82779 | Elf:1    | Entered Level 1 of the Elven Halls
 83022 | Elf:1    | Reached skill level 1 in Translocations
 83815 | Elf:1    | Found a runed gate.
 83817 | Elf:1    | Found a runed gate.
 83820 | Elf:1    | Found a runed gate.
 83820 | Elf:1    | Found an iron altar of Okawaru.
 83820 | Elf:1    | Noticed galech's ghost (adept OgBe)
 83861 | Elf:1    | Reached skill level 1 in Spellcasting
 83991 | Elf:1    | Identified the Disquisition on Conjuration
 84014 | Elf:1    | Found Zokhle Ehusa's Antique Weapon Shop.
 84192 | Elf:1    | Bought a faintly glowing dagger for 224 gold pieces
 84192 | Elf:1    | Bought a bloodstained fustibalus for 640 gold pieces
 84192 | Elf:1    | Identified the cursed +0 fustibalus of the Crypt {flame, rPois} (You bought it in a shop on level 1 of the Elven Halls)
 84193 | Elf:1    | Identified the cursed +1 dagger "Wamue" {freeze, *Noise Dex+5 Stlth+} (You bought it in a shop on level 1 of the Elven Halls)
 84583 | Depths:1 | Entered Level 1 of the Depths
 84731 | Depths:1 | Noticed Nozovun's ghost (journeyman SpBe)
 84854 | Depths:1 | Found a runed gate.
 84854 | Depths:1 | Found a runed gate.
 84854 | Depths:1 | Found a runed gate.
 85049 | Depths:1 | Found a gateway to a ziggurat.
 85848 | Depths:1 | Noticed a caustic shrike
 86037 | Depths:1 | Reached skill level 5 in Translocations
 86038 | Depths:1 | Reached XP level 21. HP: 117/117 MP: 32/32
 87194 | Depths:1 | Noticed a golden dragon
 87248 | Depths:1 | Killed a golden dragon
 87248 | Depths:1 | Reached skill level 22 in Dodging
 87393 | Depths:1 | Got a brightly glowing bone ring
 87470 | Depths:1 | Found a one-way gate to the infinite horrors of the Abyss.
 87670 | Depths:1 | Identified the ring "Zapn" {Fire Int+4} (You took it off a yaktaur captain on level 1 of the Depths)
 88916 | Depths:1 | Noticed a golden dragon
 88926 | Depths:1 | Killed a golden dragon
 89491 | Depths:1 | Found a gateway to Hell.
 89668 | Depths:1 | Killed a caustic shrike
 90080 | Depths:2 | Reached skill level 5 in Spellcasting
 91367 | Depths:2 | Found a sparkling altar of Nemelex Xobeh.
 91443 | Depths:2 | Noticed Saint Roka
 91455 | Depths:2 | Killed Saint Roka
 94775 | Depths:2 | Reached XP level 22. HP: 123/123 MP: 33/33
 94813 | Depths:2 | Found a one-way gate leading to the halls of Pandemonium.
 94963 | Depths:2 | Found a radiant altar of Vehumet.
 94964 | Depths:2 | Noticed the Enchantress
 96141 | Depths:3 | Found Dikazeno's Jewellery Shoppe.
 96141 | Depths:3 | Found Cuaj's Gadget Shop.
 96142 | Depths:3 | Found Finug's Jewellery Shoppe.
 96397 | Depths:3 | Found an iron altar of Okawaru.
 97455 | Depths:3 | Noticed a juggernaut
 98019 | Depths:3 | Killed a juggernaut
 98019 | Depths:3 | Reached skill level 23 in Dodging
 98686 | Depths:3 | Noticed a caustic shrike
 98700 | Depths:3 | Killed a caustic shrike
 98700 | Depths:3 | Reached skill level 10 in Translocations
100067 | Depths:4 | Reached skill level 1 in Staves
100701 | Depths:4 | Found a corrupted altar of Lugonu.
100707 | Depths:4 | Learned a level 4 spell: Passage of Golubria
103212 | Depths:4 | Reached XP level 23. HP: 106/129 MP: 32/34
105424 | Depths:4 | Reached skill level 5 in Staves
105442 | Depths:4 | Noticed a juggernaut
105567 | Depths:4 | Killed a juggernaut
106388 | Depths:5 | Entered Level 5 of the Depths
108074 | Depths:5 | Identified the ring of Hiprid {+Inv +Fly rF+ Int+6} (You found it on level 5 of the Depths)
108387 | Depths:5 | Reached skill level 24 in Dodging
109562 | Depths:5 | Identified the ring "Kuvix" {+Inv MP+9 Int+2} (You found it on level 5 of the Depths)
110055 | Depths:5 | Found a gate to the Realm of Zot.
110260 | Depths:5 | Found Replun's Armour Shop.
110610 | Depths:5 | Identified the ring of Gacum {rCorr MP+9 Str+2 Slay-5 SInv} (You found it on level 5 of the Depths)
110858 | Depths:5 | Gained mutation: Your magical capacity is low. (-10% MP) [a shining eye]
111340 | Depths:5 | Reached XP level 24. HP: 37/137 MP: 21/31
111562 | Depths:5 | Found Replun's Armour Shop.
111661 | Depths:5 | Found a gate to the Realm of Zot.
112344 | D:12     | Killed Frances
112717 | Lair:5   | Killed Xeddua's ghost
113701 | D:11     | You paid a toll of +3 shadow dragon scales to enter a treasure trove
113702 | Trove    | Entered a treasure trove
113778 | Trove    | Got a twitching steel amulet
113840 | D:11     | Identified the amulet "Ythotat" {Inacc *Slow +Inv rN+++ MP-9} (You found it in a treasure trove)
113984 | D:11     | Reached XP level 25. HP: 142/142 MP: 31/31
114169 | D:6      | Bought a scroll of enchant armour for 262 gold pieces
114169 | D:6      | Bought a potion of haste for 350 gold pieces
114169 | D:6      | Bought 2 scrolls of identify for 140 gold pieces
114499 | Depths:1 | Voluntarily entered the Abyss.
114537 | Abyss:1  | Noticed a juggernaut
114571 | Abyss:1  | Found a runed gate.
114572 | Abyss:1  | Found a runed gate.
114573 | Abyss:1  | Found a runed gate.
114601 | Abyss:1  | Found a runed gate.
116307 | Abyss:3  | Found a corrupted altar of Lugonu.
116748 | Depths:1 | Escaped the Abyss
117039 | Depths:1 | Voluntarily entered the Abyss.
117174 | Abyss:1  | Gained mutation: Your magical capacity is very low. (-20% MP) [a neqoxec]
117457 | Abyss:2  | Found a hazy altar of Hepliaklqana.
118989 | Abyss:2  | Gained mutation: You are dopey. (Int -2) [a neqoxec]
119559 | Depths:1 | Escaped the Abyss
119696 | Depths:1 | Upgraded the game from 0.22-a0-617-g6d95e9e to 0.22-a0-618-gd6a3efe
120474 | Elf:1    | Killed galech's ghost
121074 | Elf:2    | Reached skill level 10 in Staves
121762 | Elf:2    | Reached skill level 25 in Dodging
121767 | Elf:2    | Found a runed gate.
121767 | Elf:2    | Found a runed gate.
121767 | Elf:2    | Found a runed gate.
121819 | Elf:3    | Entered Level 3 of the Elven Halls
122189 | Elf:3    | Found Ugoematig's Magic Scroll Boutique.
122214 | Elf:3    | Bought a scroll of teleportation for 42 gold pieces
122214 | Elf:3    | Bought a scroll of enchant armour for 105 gold pieces
124126 | Elf:3    | Reached XP level 26. HP: 116/150 MP: 22/28
124241 | Elf:3    | Got a flickering granite ring
124664 | Elf:3    | Identified the Incunabulum of Altruism
124676 | Elf:3    | Identified the Guide on Damaging Black Rites
124907 | Orc:2    | Bought a potion of curing for 96 gold pieces
125213 | Crypt:1  | Entered Level 1 of the Crypt
125636 | Crypt:1  | Identified the ring "Jaingom" {rElec MR+ Str+4 Dex+4} (You found it on level 3 of the Elven Halls)
125681 | Crypt:1  | Reached skill level 5 in Evocations
126413 | Crypt:1  | Identified the Papyrus of Poisoning and Ignition
128354 | Crypt:2  | Found a basalt altar of Yredelemnul.
129359 | Depths:1 | Voluntarily entered the Abyss.
129359 | Abyss:1  | Found a corrupted altar of Lugonu.
129419 | Abyss:1  | Identified the Disquisition on Envenoming and the Oath
130430 | Abyss:2  | Gained mutation: You are very dopey. (Int -4) [a neqoxec]
130966 | Abyss:4  | Gained mutation: Armour fits poorly on your strangely shaped body. [a neqoxec]
132194 | Abyss:4  | Found a corrupted altar of Lugonu.
132305 | Abyss:4  | Gained mutation: Your body sometimes deteriorates upon taking damage. [a neqoxec]
132898 | Abyss:4  | Found a corrupted altar of Lugonu.
133002 | Abyss:4  | Found a shimmering altar of Xom.
133002 | Abyss:4  | Found a shimmering altar of Xom.
133002 | Abyss:4  | Found a shimmering altar of Xom.
133003 | Abyss:4  | Found a shimmering altar of Xom.
133003 | Abyss:4  | Found a shimmering altar of Xom.
133055 | Abyss:4  | Gained mutation: Potions are less effective at restoring your health. [a neqoxec]
133121 | Depths:1 | Escaped the Abyss
134343 | Slime:1  | Entered Level 1 of the Pits of Slime
135297 | Slime:3  | Reached skill level 26 in Dodging
136710 | Slime:4  | Gained mutation: You are clumsy. (Dex -2) [a shining eye]
136993 | Slime:5  | Entered Level 5 of the Pits of Slime
137006 | Slime:5  | Reached XP level 27. HP: 143/155 MP: 26/28
137780 | Slime:5  | Gained mutation: Your magical capacity is extremely low. (-30% MP) [a shining eye]
138473 | Slime:5  | Noticed the Royal Jelly
138552 | Slime:5  | Found a viscous altar of Jiyva.
139086 | Slime:5  | Killed the Royal Jelly
139086 | Slime:5  | Reached skill level 10 in Evocations
139324 | Slime:5  | Got a slimy rune of Zot
139403 | Slime:5  | Identified the Handbook of the Creative Mountains
139423 | Slime:5  | Identified the ring of the Gloaming {rF++ rN+ Str+2 Dex+5} (You found it on level 5 of the Pits of Slime)
140028 | Zot:1    | Entered Level 1 of the Realm of Zot
140035 | Zot:1    | Found Evyt Nag's Changing Room.
140053 | Zot:1    | Bought a potion of mutation for 184 gold pieces
141104 | Zot:1    | Reached skill level 27 in Dodging
143021 | Zot:2    | Found a shimmering altar of Xom.
143607 | Zot:2    | Upgraded the game from 0.22-a0-618-gd6a3efe to 0.22-a0-619-ga0c6fd2
147564 | Zot:4    | Noticed an orb of fire
147568 | Zot:4    | Killed an orb of fire
147629 | Zot:5    | Entered Level 5 of the Realm of Zot
148363 | Zot:5    | Noticed an ancient lich
148422 | Zot:5    | Killed an ancient lich
148473 | Zot:5    | Noticed an ancient lich
148490 | Zot:5    | Killed an ancient lich
151969 | Zot:5    | Noticed an orb of fire
151973 | Zot:5    | Gained mutation: Potions are poor at restoring your health. [an orb of fire]
152110 | Zot:5    | Gained mutation: Your spells are a little easier to cast, but a little less powerful. [an orb of fire]
152111 | Zot:5    | Killed an orb of fire
153870 | Zot:5    | Noticed an orb of fire
153880 | Zot:5    | Gained mutation: Your spells are easier to cast, but less powerful. [an orb of fire]
153890 | Zot:5    | Gained mutation: You are frail. (-10% HP) [an orb of fire]
153908 | Zot:5    | Lost mutation: Your spells are easier to cast, but less powerful. [an orb of fire]
153909 | Zot:5    | Gained mutation: Your body often deteriorates upon taking damage. [an orb of fire]
153911 | Zot:5    | Killed an orb of fire
154025 | Zot:5    | Lost mutation: You are clumsy. (Dex -2) [potion of mutation]
154025 | Zot:5    | Lost mutation: Your body often deteriorates upon taking damage. [potion of mutation]
154025 | Zot:5    | Lost mutation: Armour fits poorly on your strangely shaped body. [potion of mutation]
154025 | Zot:5    | Gained mutation: You have sharp toenails. [potion of mutation]
154026 | Zot:5    | Lost mutation: You are frail. (-10% HP) [potion of mutation]
154026 | Zot:5    | Lost mutation: Your body sometimes deteriorates upon taking damage. [potion of mutation]
154026 | Zot:5    | Lost mutation: Your spells are a little easier to cast, but a little less powerful. [potion of mutation]
154026 | Zot:5    | Gained mutation: You have razor-sharp toenails. [potion of mutation]
154739 | Zot:5    | Noticed an orb of fire
155066 | Zot:5    | Gained mutation: You tend to lose your temper in combat. [an orb of fire]
155067 | Zot:5    | Killed an orb of fire
155816 | Lair:1   | Lost mutation: You have razor-sharp toenails. [potion of mutation]
155816 | Lair:1   | Lost mutation: You tend to lose your temper in combat. [potion of mutation]
155816 | Lair:1   | Lost mutation: You have sharp toenails. [potion of mutation]
155816 | Lair:1   | Gained mutation: You have a pair of small horns on your head. [potion of mutation]
155816 | Lair:1   | Gained mutation: You have sharp toenails. [potion of mutation]
155816 | Lair:1   | Gained mutation: You expend magic power (3 MP) to strengthen your wands. [potion of mutation]
158578 | Zot:5    | Got the Orb of Zot
158690 | Zot:2    | Noticed Olameyh the pandemonium lord
158772 | Depths:3 | Noticed Veedgh Duizau the pandemonium lord
159046 | D:7      | Gained mutation: You tend to lose your temper in combat. [a cacodemon]
159126 | D:6      | Lost mutation: Your magical capacity is extremely low. (-30% MP) [potion of mutation]
159126 | D:6      | Lost mutation: You are very dopey. (Int -4) [potion of mutation]
159126 | D:6      | Gained mutation: You are partially covered in slimy green scales. (AC +2) [potion of mutation]
159127 | D:6      | Lost mutation: You are dopey. (Int -2) [potion of mutation]
159127 | D:6      | Lost mutation: You expend magic power (3 MP) to strengthen your wands. [potion of mutation]
159127 | D:6      | Lost mutation: You have a pair of small horns on your head. [potion of mutation]
159127 | D:6      | Lost mutation: You have sharp toenails. [potion of mutation]
159127 | D:6      | Lost mutation: You tend to lose your temper in combat. [potion of mutation]
159127 | D:6      | Gained mutation: You are resistant to hostile enchantments. (MR+) [potion of mutation]
159226 | D:$      | Escaped with the Orb!

Vault maps used:
D:1:      lightli_arrival_boilingwater
D:2:      minmay_strange_pillars
D:3:      uniq_ijyb, uniq_robin, uniq_grinder
D:4:      corexii_shack_village, kennysheep_mini, uniq_sigmund
D:5:      first_ration, ldierk_geyser, minmay_strange_pillars,
          wad_floor_pattern_1, hangedman_decor_growths
D:6:      slow_altar_2, grunt_temple_overflow_cloverleaf,
          minmay_temple_entry_nine_rooms, serial_shops, shop
D:7:      kennysheep_little_box, grunt_livestock, kennysheep_generic_room_2
D:8:      minmay_the_grid_square_5x5_3x3, overflow_temple_1_default,
          led_sif_pool
D:9:      kennysheep_housing_project, lair_entry_dummy, orc_0_dummy,
          serial_shops, shop, amethyst_killhole, nemelex_spade_bored_becter
D:10:     uniq_snorg
D:11:     enter_trove_2, serial_corexii_hall, corexii_hall_statues_x,
          corexii_hall_statues_deadend
D:12:     roderic_roman_lattice, uniq_kirke, uniq_frances, uniq_urug
D:13:     serial_shops, nicolae_shop_stone, grunt_gozag_statues, uniq_nessos,
          uniq_azrael
D:14:     david_vaults_5, kennysheep_another_room, serial_shops, shop
D:15:     gammafunk_enter_depths_forms, corexii_leaking_fountain
Temple:   minmay_temple_curvy_branch
Lair:1:   grunt_megastairs_2
Lair:2:   uniq_sonja
Lair:3:   basic_altar
Lair:4:   elwin_shoals_entry_rooms, nicolae_spider_entry_non_spiders
Lair:5:   gammafunk_ghost_hydra_chop, minmay_lair_oklob_bushes, st_stairs_8,
          nicolae_quartered_pool_super, serial_bayou_lake_a
Lair:6:   minmay_lair_end_enchanted_forest, slime_altar_1, grunt_megastairs_1,
          infiniplex_staircase_pool_2
Shoals:2: serial_shops, shop
Shoals:3: nicolae_shoals_loop_pool
Shoals:4: shoals_end_simple, shoal_ilsuiw
Spider:2: spiders_nest_spider_trap
Spider:3: nicolae_spider_hall_of_the_moth_king, hive_lemuel, uniq_roxanne
Spider:4: spider_rune_water, gammafunk_ghost_grave, nicolae_spider_cling_ruins
Slime:4:  cheibrodos_slime_lost_civilization_9
Orc:2:    st_orc_mages, basic_altar, serial_shops, nicolae_shop_stone
Elf:1:    gammafunk_ghost_fury_of_okawaru, serial_shops, nicolae_shop_crystal,
          minmay_elf_annihilation, lemuel_flamethrower_3
Elf:3:    elf_hall, serial_shops, shop
Vaults:1: nicolae_vaults_lopsided_apartments, vaults_room_boxed,
          nicolae_vaults_network_square, hangedman_vaults_stitches,
          ontoclasm_vaults_ring_small, ontoclasm_vaults_ring_large,
          ontoclasm_vaults_tryst, serial_ice_m, v_rooms_6, v_alt_pattern_2,
          v_pattern_3, serial_shops, shop
Vaults:2: nicolae_vaults_minivaults, v_misc_12, nicolae_vaults_border_crossing,
          ontoclasm_vaults_ring_small, nicolae_vaults_rhombus_6,
          ontoclasm_vaults_fault, nicolae_vaults_windows_and_doors_thing,
          hangedman_vaults_impose, vaults_room_pool, serial_shops, statue_bzr,
          uniq_bai_suzhen
Vaults:3: vaults_room_pools, v_misc_26, nicolae_vaults_little_squares_4,
          hangedman_vaults_maws, vaults_room_octagon, grunt_vaults_diagonal,
          hangedman_vaults_unwind, v_misc_11, hangedman_vaults_nails,
          blue_anna_dwarven_crypt
Vaults:4: st_greater_box_1, vaults_room_door_hall,
          hangedman_vaults_stretched_pinwheel, nicolae_vaults_specimen_jars,
          nicolae_vaults_network_barrier, nicolae_vaults_little_ls,
          vaults_mumra_lcd, grunt_vaults_bifocal, nicolae_vaults_three_branches,
          nicolae_vaults_gold_heap
Crypt:1:  minmay_skeleton_keep, minivault_11
Crypt:2:  weyrava_vampire_temple
Depths:1: lemuel_traditional_vault, enter_ziggurat_b, pf_hell_entry_great_geh,
          gammafunk_ghost_icy, abyss_entry, serial_bayou_pond_b,
          minmay_misc_feat_rows, hangedman_abyss_or_decor_stabs,
          grunt_ministairs_2, kennysheep_generic_room_13
Depths:2: grunt_forest_end_shrine, rand_demon_pan_entry_9,
          hangedman_decor_clover_reticule, hell_entry,
          nemelex_xobeh_ov_fountains_minmay, infiniplex_staircase_9_rooms,
          uniq_saint_roka
Depths:3: kennysheep_snake, serial_glass, glass_columns_b, glass_columns_a,
          hell_entry, rand_demon_pan_entry_7, lemuel_round_altar, firewood_loft,
          infiniplex_staircase_diamond, minmay_shop_grove
Depths:4: grunt_bent_corner, hangedman_coc_ice_floe, abyss_entry_flame_altar,
          infiniplex_staircase_zigzag_4, hangedman_glass_teeth
Depths:5: hangedman_spin_cycle, hell_entry, serial_shops, pan_entry, abyss_entry
Zot:1:    nicolae_transmutations_shop
Zot:2:    basic_altar, lemuel_flame_loot_1
Zot:3:    lemuel_firehouse
Zot:5:    st_stairs_5
Abyss:3:  evilmike_abyss_exit_glass, evilmike_abyss_exit_6,
          lemuel_flamethrower_2,
          evilmike_nicolae_abyss_rune_betentacled_crabyss,
          hangedman_abyss_or_decor_passed, hangedman_abyss_exit_choices
Abyss:4:  hangedman_abyss_rune_macabre_mess, bh_abyss_exit_choice,
          hangedman_abyss_feature_spike, evilmike_abyss_exit_kraken,
          hangedman_decor_peaks_small, minivault_28
Abyss:5:  guppyfry_abyss_exit_spiral_guarded,
          due_evilmike_abyss_rune_seething_liches, evilmike_abyss_exit_2
Trove:    trove_garden

Skill      XL: |  1  2  3  4  5  6  7  8  9 10 11 12 13 14 15 16 17 18 19 20 21 22 23 24 25 26 27 |
---------------+----------------------------------------------------------------------------------+-----
Stealth        | 2 3 4 5 6 7 9 10 12 13 15 16 17 18 20 21 22 | 22.8
Dodging        | 4 5 6 7 8 10 11 12 14 15 16 17 18 19 20 21 22 23 24 25 26 27 | 27.0
Crossbows      | 5 6 8 9 11 12 13 14 15 16 17 18 19 20 21 26 | 26.0
Fighting       | 2 3 5 6 8 9 11 12 13 14 15 16 17 18 19 21 | 21.1
Invocations    | 1 4 5 7 9 11 13 14 | 14.0
Slings         | 2 4 |  4.6
Armour         | 1 5 6 7 9 10 11 12 14 | 14.0
Evocations     | 1 4 9 10 | 10.1
Translocations | 5 8 10 | 10.0
Spellcasting   | 2 7 |  7.2
Staves         | 3 7 8 10 | 10.0

Action                   |  1- 3 |  4- 6 |  7- 9 | 10-12 | 13-15 | 16-18 | 19-21 | 22-24 | 25-27 || total
-------------------------+-------+-------+-------+-------+-------+-------+-------+-------+-------++-------
Melee: Short sword       |   143 |    60 |    90 |       |       |       |       |       |       ||   293
       Dagger            |       |    59 |   195 |    42 |   108 |    51 |   370 |    37 |    88 ||   950
       Hunting sling     |       |     1 |       |     5 |     1 |       |       |       |       ||     7
       Hand crossbow     |       |       |       |       |       |     1 |       |       |       ||     1
       Lajatang          |       |       |       |       |       |       |       |   545 |  2981 ||  3526
       Kick              |       |       |       |       |       |       |       |       |    37 ||    37
       Headbutt          |       |       |       |       |       |       |       |       |    13 ||    13
 Fire: Hand crossbow     |    14 |    32 |    38 |    11 |   191 |   117 |       |       |       ||   403
       Hunting sling     |       |   210 |   243 |  1044 |  2167 |   370 |  1550 |   340 |   246 ||  6170
       Triple crossbow   |       |       |       |     8 |    72 |  1093 |   991 |   769 |   967 ||  3900
       Arbalest          |       |       |       |       |       |       |   179 |    58 |       ||   237
Throw: Stone             |     1 |     2 |     1 |     2 |       |       |    11 |    14 |    38 ||    69
       Throwing net      |       |       |       |       |       |       |       |       |     2 ||     2
 Cast: Apportation       |       |       |       |       |     8 |       |       |       |   184 ||   192
       Blink             |       |       |       |       |       |       |     2 |     7 |    21 ||    30
       Passage of Golubr |       |       |       |       |       |       |       |     1 |       ||     1
Invok: Shadow Step       |       |       |       |       |       |       |     1 |       |       ||     1
       Shadow Form       |       |       |       |       |       |       |       |       |     3 ||     3
 Abil: Evoke Invisibilit |       |       |       |       |     1 |       |       |       |       ||     1
       End Transformatio |       |       |       |       |       |       |       |       |     2 ||     2
       Evoke Flight      |       |       |       |       |       |       |       |       |     1 ||     1
Evoke: Wand              |       |     3 |    11 |    12 |    40 |     4 |    40 |     1 |     3 ||   114
       Lamp of fire      |       |       |       |       |     2 |     3 |     4 |     1 |     1 ||    11
       Phial of floods   |       |       |       |       |       |       |     3 |     1 |       ||     4
       Sack of spiders   |       |       |       |       |       |       |     3 |     3 |       ||     6
       Phantom mirror    |       |       |       |       |       |       |       |       |     2 ||     2
  Use: Scroll            |       |     1 |    15 |     8 |    11 |    12 |    11 |    14 |    38 ||   110
       Potion            |       |       |       |       |     5 |       |     2 |     2 |    21 ||    30
 Stab: Sleeping          |     6 |     3 |     8 |     3 |     2 |     7 |    39 |    30 |    86 ||   184
       Paralysed         |       |       |     2 |       |     5 |       |     6 |       |     1 ||    14
       Distracted        |       |       |       |     1 |     1 |       |     2 |     3 |    32 ||    39
       Invisible         |       |       |       |       |     5 |       |       |       |     3 ||     8
       Confused          |       |       |       |       |       |     2 |       |       |       ||     2
  Eat: Ration            |       |     1 |     5 |     5 |    14 |     4 |    14 |     8 |    22 ||    73
Armor: Robe              |    18 |     5 |     8 |    11 |     5 |       |       |       |       ||    47
       Troll leather arm |       |       |       |       |    73 |    49 |       |       |       ||   122
       Ice dragon scales |       |       |       |       |       |    25 |   141 |       |       ||   166
       Shadow dragon sca |       |       |       |       |       |       |    58 |   209 |   529 ||   796
Dodge: Dodged            |   127 |   124 |   266 |   448 |  1607 |  1310 |  1819 |  1227 |  3362 || 10290
       Deflected         |       |       |       |       |       |    42 |    95 |    62 |    83 ||   282
Block: Buckler           |       |       |    36 |    42 |    73 |       |       |       |       ||   151

Table legend:
 A = Spawn XP
 B = Non-spawn XP
 C = Spawn XP percentage of total XP
 D = Spawn monster count
 E = Non-spawn monster count
 F = Spawn count percentage of total count
 G = Total turns spent on level
                    A         B        C        D         E        F      G
               +---------+---------+-------+---------+---------+-------+---------
         Total |   87583 | 1677113 |   5.0 |     165 |    2708 |   5.7 | 159226
               +---------+---------+-------+---------+---------+-------+---------
           D:1 |       0 |      55 |   0.0 |       0 |      32 |   0.0 |  1992
           D:2 |       0 |      59 |   0.0 |       0 |      13 |   0.0 |   959
           D:3 |       0 |     228 |   0.0 |       0 |      26 |   0.0 |  2453
           D:4 |       0 |     231 |   0.0 |       0 |      18 |   0.0 |  1910
           D:5 |       0 |     452 |   0.0 |       0 |      18 |   0.0 |  1604
           D:6 |       0 |     407 |   0.0 |       0 |      13 |   0.0 |  1992
           D:7 |       0 |    1965 |   0.0 |       0 |      24 |   0.0 |  3264
           D:8 |       0 |    4492 |   0.0 |       0 |      46 |   0.0 |  3118
           D:9 |       0 |    3902 |   0.0 |       0 |      78 |   0.0 |  2973
          D:10 |       0 |    9152 |   0.0 |       0 |      56 |   0.0 |  2705
          D:11 |       0 |    7503 |   0.0 |       0 |      44 |   0.0 |  2165
          D:12 |       0 |   12465 |   0.0 |       0 |      49 |   0.0 |  3241
          D:13 |       0 |   11826 |   0.0 |       0 |      58 |   0.0 |  2868
          D:14 |       0 |   12250 |   0.0 |       0 |      31 |   0.0 |  3071
          D:15 |       0 |   25543 |   0.0 |       0 |      58 |   0.0 |  3282
        Lair:1 |       0 |    4861 |   0.0 |       0 |      19 |   0.0 |  1666
        Lair:2 |       0 |    3152 |   0.0 |       0 |      10 |   0.0 |  1595
        Lair:3 |       0 |    4792 |   0.0 |       0 |      15 |   0.0 |  2562
        Lair:4 |       0 |    7241 |   0.0 |       0 |      30 |   0.0 |  2465
        Lair:5 |       0 |   10652 |   0.0 |       0 |      36 |   0.0 |  3822
        Lair:6 |       0 |   16103 |   0.0 |       0 |      65 |   0.0 |  3052
      Shoals:1 |       0 |   12782 |   0.0 |       0 |      27 |   0.0 |  1797
      Shoals:2 |       0 |   14364 |   0.0 |       0 |      31 |   0.0 |  1466
      Shoals:3 |       0 |   17901 |   0.0 |       0 |      38 |   0.0 |  2922
      Shoals:4 |       0 |   32754 |   0.0 |       0 |      61 |   0.0 |  2223
      Spider:1 |       0 |   19837 |   0.0 |       0 |      59 |   0.0 |  3796
      Spider:2 |       0 |   22608 |   0.0 |       0 |      70 |   0.0 |  2534
      Spider:3 |       0 |   25784 |   0.0 |       0 |      64 |   0.0 |  3246
      Spider:4 |       0 |   28127 |   0.0 |       0 |      51 |   0.0 |  2690
       Slime:1 |       0 |    3939 |   0.0 |       0 |       6 |   0.0 |   292
       Slime:2 |       0 |    7455 |   0.0 |       0 |      15 |   0.0 |   430
       Slime:3 |       0 |   16295 |   0.0 |       0 |      23 |   0.0 |  1037
       Slime:4 |       0 |   15284 |   0.0 |       0 |      25 |   0.0 |  1072
       Slime:5 |       0 |   42830 |   0.0 |       0 |      40 |   0.0 |  1822
         Orc:1 |       0 |    2248 |   0.0 |       0 |      26 |   0.0 |   647
         Orc:2 |       0 |    7595 |   0.0 |       0 |      64 |   0.0 |  2012
         Elf:1 |       0 |   27028 |   0.0 |       0 |      33 |   0.0 |  2450
         Elf:2 |       0 |   21212 |   0.0 |       0 |      38 |   0.0 |  1737
         Elf:3 |       0 |   57689 |   0.0 |       0 |      56 |   0.0 |  2293
      Vaults:1 |       0 |   65676 |   0.0 |       0 |      98 |   0.0 |  3087
      Vaults:2 |       0 |   46465 |   0.0 |       0 |      83 |   0.0 |  2835
      Vaults:3 |       0 |   20636 |   0.0 |       0 |      43 |   0.0 |  2695
      Vaults:4 |       0 |  107314 |   0.0 |       0 |     115 |   0.0 |  4877
       Crypt:1 |       0 |   40406 |   0.0 |       0 |      80 |   0.0 |  2851
       Crypt:2 |       0 |   13152 |   0.0 |       0 |      25 |   0.0 |  1050
      Depths:1 |     176 |   82875 |   0.2 |       1 |      84 |   1.2 |  6979
      Depths:2 |       0 |   62929 |   0.0 |       0 |      85 |   0.0 |  4543
      Depths:3 |       0 |   69708 |   0.0 |       0 |      63 |   0.0 |  5450
      Depths:4 |       0 |  121290 |   0.0 |       0 |     115 |   0.0 |  7921
      Depths:5 |       0 |   95032 |   0.0 |       0 |      99 |   0.0 |  3615
         Zot:1 |       0 |   32770 |   0.0 |       0 |      21 |   0.0 |  2086
         Zot:2 |       0 |   21732 |   0.0 |       0 |      17 |   0.0 |  1223
         Zot:3 |       0 |   58501 |   0.0 |       0 |      62 |   0.0 |  2739
         Zot:4 |       0 |   68785 |   0.0 |       0 |      33 |   0.0 |  2862
         Zot:5 |       0 |  197841 |   0.0 |       0 |      76 |   0.0 |  7955
       Abyss:1 |   22038 |   19778 |  52.7 |      38 |      51 |  42.7 |  2404
       Abyss:2 |   22208 |   22543 |  49.6 |      46 |      47 |  49.5 |  3374
       Abyss:3 |    5160 |    2419 |  68.1 |      15 |      10 |  60.0 |   748
       Abyss:4 |   38001 |   14198 |  72.8 |      65 |      35 |  65.0 |  2297
               +---------+---------+-------+---------+---------+-------+---------
